AoeStats
← Malelf

Arabia

506673313Analyzed
1v1 RM · 18d ago on Sep 14, 2026· 45m 42s· 2 players
Game mode
Random Map
Map size
Tiny (2 player)
Population
200
Speed
Normal
Resources
Standard
Victory
Conquest
Starting age
Dark Age
Ending age
Imperial Age
RankedLock teamsTeams togetherTeam positionsShared explorationLock speedFull tech treeHidden civsTurbo modeCheats
Victory
Defeat
🇲🇽 Byzantines · Mexico
1744
+14
🇮🇹 Persians · Italy
1705
-14
Malelf
6:24 Loom
8:58 Feudal Age
9:41 Horse Collar
9:37 Man-at-Arms
23:16 Castle Age
21:43 Bloodlines
22:36 Double-Bit Axe
22:43 Gold Mining
23:55 Bow Saw
26:53 Scale Barding Armor
28:05 Wheelbarrow
28:38 Heavy Plow
29:54 Town Watch
30:46 Stone Mining
32:13 Hand Cart
32:31 Chain Barding Armor
37:26 Imperial Age
35:42 Forging
36:22 Gold Shaft Mining
37:10 Fletching
37:21 Padded Archer Armor
37:38 Thumb Ring
37:49 Bodkin Arrow
38:24 Parthian Tactics
39:31 Chemistry
39:45 Two-Man Saw
39:34 Conscription
39:48 Ballistics
39:48 Leather Archer Armor
41:10 Ring Archer Armor
40:13 Pikeman
40:53 Squires
40:56 Scale Mail Armor
40:43 Heavy Cavalry Archer
42:15 Masonry
44:02 Halberdier
44:30 Light Cavalry
45:10 Husbandry
46:21 Plate Barding Armor
46:01 Chain Mail Armor
LittleHog
7:18 Loom
9:36 Feudal Age
10:27 Double-Bit Axe
10:30 Horse Collar
17:51 Fletching
25:50 Castle Age
26:27 Bodkin Arrow
26:00 Crossbowman
29:15 Ballistics
30:28 Wheelbarrow
32:02 Husbandry
33:12 Scale Barding Armor
34:22 Forging
37:00 Imperial Age
36:11 Chain Barding Armor
37:39 Iron Casting
37:17 Bow Saw
37:21 Heavy Camel Rider
38:51 Plate Barding Armor
39:40 Hand Cart
42:37 Chemistry
42:39 Padded Archer Armor
42:07 Elite Skirmisher
43:01 Bracer
44:27 Leather Archer Armor
45:11 Conscription
Connection lost

Rejoining the realm…

Still unreachable

The connection could not be restored.

Session expired

The server has moved on; the page needs a fresh start.